 Dungeon Crawl Stone Soup version 0.31-a0-596-g831eee08f1 (webtiles) character file.

Game seed: 15691785772696587785

9229 thirtiethelement the Thaumaturge (level 11, -2/78 HPs)
             Began as a Demonspawn Cinder Acolyte on Aug 20, 2023.
             Was a Follower of Ignis.
             Slain by a boulder beetle (13 damage)
             ... on level 8 of the Dungeon.
             The game lasted 00:40:43 (9112 turns).

thirtiethelement the Thaumaturge (DsCA)             Turns: 9112, Time: 00:40:44

Health: -2/78      AC: 14    Str: 17    XL:     11   Next: 20%
Magic:  0/24       EV: 17    Int: 19    God:    Ignis [*.....]
Gold:   437        SH: 10    Dex:  9    Spells: 19/29 levels left

rFire   + . .        a - +2 long sword (drain)
rCold   . . .        p - +1 buckler
rNeg    + . .        y - +2 robe {Will+}
rPois   .            S - +1 helmet
rElec   +            (no cloak)
rCorr   .            (no gloves)
SInv    .            f - +0 pair of boots
Will    +....        t - amulet of Ifrizayl {Reflect rElec Int+2 SH+5}
Stlth   ++           e - +5 ring of evasion
HPRegen 0.33/turn    r - ring of positive energy
MPRegen 0.38/turn

%: reflection, guardian spirit
@: fiery-armoured, studying Dodging
A: demonic guardian 3, magic shield, magic regeneration, demonic touch 2
a: Renounce Religion, Fiery Armour, Foxfire Swarm, Rising Flame


You were on level 8 of the Dungeon.
You worshipped Ignis.
Ignis was aware of your devotion.
You visited 2 branches of the dungeon, and saw 10 of its levels.
You also visited: Ossuary.

You collected 437 gold pieces.

Inventory:

Hand Weapons
 a - a +2 long sword of draining (weapon)
 q - a +4 dagger of venom
 x - a +2 great sword
 T - a +4 scimitar
Missiles
 v - 5 boomerangs (quivered)
Armour
 f - a +0 pair of boots (worn)
 p - a +1 buckler (worn)
 s - an orb of mayhem
 y - a +2 robe of willpower (worn)
 S - a +1 helmet (worn)
Magical Staves
 I - a staff of conjuration
Jewellery
 b - an amulet of regeneration
 e - a +5 ring of evasion (left hand)
 r - a ring of positive energy (right hand)
 t - the amulet of Ifrizayl (around neck) {Reflect rElec Int+2 SH+5}
   (You acquired it on level 8 of the Dungeon)

   [amulet of reflection]

   Reflect:   It reflects blocked missile attacks.
   Int+2:     It affects your intelligence (+2).
   rElec:     It insulates you from electricity.
   SH+5:      It affects your SH (+5).
Talismans
 m - a beast talisman
Wands
 n - a wand of roots (10)
 o - a wand of quicksilver (6)
 J - a wand of paralysis (7)
 K - a wand of flame (42)
Scrolls
 c - 3 scrolls of immolation
 j - 4 scrolls of teleportation
 B - 4 scrolls of fog
 C - 3 scrolls of revelation
 D - a scroll of amnesia {unknown}
 H - a scroll of silence {unknown}
 M - a scroll of identify
 N - a scroll of summoning {unknown}
 O - a scroll of enchant weapon {unknown}
 P - a scroll of enchant armour
 Q - a scroll of poison {unknown}
 R - a scroll of brand weapon {unknown}
Potions
 d - 7 potions of curing
 g - a potion of berserk rage {unknown}
 h - a potion of enlightenment {unknown}
 i - 2 potions of lignification
 k - a potion of resistance {unknown}
 l - 3 potions of brilliance
 u - a potion of ambrosia {unknown}
 z - 3 potions of magic
 A - a potion of invisibility {unknown}
 E - a potion of mutation {unknown}
 F - a potion of heal wounds {unknown}
 G - a potion of haste {unknown}
 L - a potion of experience {unknown}


   Skills:
 + Level 4.4 Fighting
 + Level 3.2(4.2) Short Blades
 + Level 4.0(4.6) Long Blades
 + Level 0.1 Throwing
 + Level 1.8 Armour
 + Level 4.6 Dodging
 + Level 4.0 Stealth
 + Level 1.9 Shields
 + Level 9.6 Spellcasting
 + Level 3.0 Necromancy
 + Level 0.6 Translocations
 + Level 9.3 Fire Magic
 + Level 1.6 Evocations


You had 19 spell levels left.
You knew the following spells:

 Your Spells              Type           Power      Damage    Failure   Level
a - Apportation           Tloc           22%        N/A       8%          1
b - Scorch                Fire           88%        2d8       1%          2
c - Volatile Blastmotes   Fire/Tloc      56%        2d14      3%          3
d - Necrotise             Necr           80%        1d8       2%          1
e - Dazzling Flash        Conj/Hex       18%        N/A       30%         3

Your spell library contained the following spells:

 Spells                   Type           Power      Damage    Failure   Level
 Summon Small Mammal      Summ           36%        N/A       10%         1
 Starburst                Conj/Fire      13%        6d5       92%         6
 Alistair's Intoxication  Tmut/Pois      6%         N/A       95%         5
 Maxwell's Capacitive Co  Air            4%         ∞         100%        8


Dungeon Overview and Level Annotations

Branches:
Dungeon (9/15)             Temple (1/1) D:5         Ossuary (visited)
   Lair: D:8-11         Orc: D:9-12

Altars:
Ashenzari
Cheibriados
Dithmenos
Fedhas
Gozag
Hepliaklqana
Kikubaaqudgha
Makhleb
Nemelex Xobeh
Okawaru
Qazlal
Ru
Sif Muna
Uskayaw
Vehumet
Wu Jian
Xom
Yredelemnul

Annotations:
D:9 Erica


Innate Abilities, Weirdness & Mutations

A powerful demonic guardian rushes to your aid.
When hurt, damage is shared between your health and your magic reserves.
You regenerate magic rapidly.
Your touch may inflict irresistible damage on your foes.


Message History

You hit the boulder beetle but do no damage.
You drain the boulder beetle.
The boulder beetle is heavily wounded.
The boulder beetle bites you but does no damage.
The boulder beetle is burned by your cloak of flames.
The boulder beetle is heavily wounded.
You hit the boulder beetle. You drain the boulder beetle.
The boulder beetle is heavily wounded.
The boulder beetle bites you but does no damage.
The boulder beetle is burned by your cloak of flames.
The boulder beetle is heavily wounded.
Casting: Scorch (safe; 1% risk of failure)
Confirm with . or Enter, or press ? or * to list all spells.
Flames lash the boulder beetle.
The boulder beetle is severely wounded.
The boulder beetle's fire resistance burns away.
You block the boulder beetle's attack.
You hit the boulder beetle.
The boulder beetle is severely wounded.
The boulder beetle bites you!
* * * LOW HITPOINT WARNING * * *
You hit the boulder beetle. You drain the boulder beetle.
The boulder beetle is severely wounded.
The boulder beetle is no longer more vulnerable to fire.
The boulder beetle leaps! x2
There is a stone staircase leading down here.
The boulder beetle leaps!
You hit the boulder beetle but do no damage.
The boulder beetle is severely wounded.
You block the boulder beetle's attack.
Casting: Scorch (safe; 1% risk of failure)
Confirm with . or Enter, or press ? or * to list all spells.
Flames lash the boulder beetle.
The boulder beetle is almost dead.
The boulder beetle's fire resistance burns away.
The boulder beetle bites you but does no damage.
You hit the boulder beetle but do no damage.
The boulder beetle is almost dead.
The boulder beetle bites you!
You die...

..##.............................
####........######...############
#.........# #.### #.......#[##
##.# ### #.......#..###..#### #..
#.......##..#)[....# #.#
#.......###.#......# #.#
#.......# #..).....###### #..
######.## ##.@B.........# ### #.#
##......####.# ###
#####.######......# #.# ##..
#####.................# #.###...
........))............# #.....#.
#####.)...............# #.#.#.#.
......).........####### #....###
####)........[..# #...##.#
..<.............# #.##....


You could see a boulder beetle (combustible, drained).

Vanquished Creatures
  2 two-headed ogres
  Amaemon (D:8)
  Pikel (D:5)
  A cyclops (D:8)
  An ugly thing (D:8)
  An orange demon (D:8)
  Jeremiah (D:8)
  Prince Ribbit (D:8)
  A hornet (D:7)
  A slime creature (D:8)
  2 wyverns (D:8)
  An acid dragon (D:8)
  4 water moccasins
  An orc warrior (D:6)
  2 ice beasts
  A sky beast (D:7)
  2 black bears
  3 ogres
  A centaur (D:8)
  3 lemures (D:5)
  2 phantoms
  A kobold brigand (D:9)
  2 scorpions
  3 bullfrogs
  2 water moccasin zombies (Ossuary)
  14 wights
  A killer bee (D:8)
  A crimson imp (D:7)
  A centaur zombie (Ossuary)
  4 orc priests
  A gnoll bouda (D:9)
  4 hounds
  3 iguanas
  Jessica (D:3)
  6 orc wizards
  2 scorpion zombies (Ossuary)
  An ogre zombie (Ossuary)
  Robin (D:3)
  7 gnolls
  13 adders
  2 white imps (D:7)
  5 ufetubi
  2 adder zombies (Ossuary)
  2 worms
  A dart slug (D:4)
  38 orcs
  4 bats
  8 endoplasms
  3 giant cockroaches
  8 goblins
  5 hobgoblins
  5 jackals
  3 quokkas
  7 ball pythons
  A frilled lizard (D:1)
  4 goblin zombies (Ossuary)
  2 hobgoblin zombies (Ossuary)
  8 kobolds
  An orc zombie (Ossuary)
  2 rats (D:1)
212 creatures vanquished.

Vanquished Creatures (collateral kills)
  A deep elf pyromancer (D:9)
  A water moccasin (D:3)
  An orc warrior (D:8)
  An ogre (D:4)
  A gnoll sergeant (D:6)
  2 wights
  A hound (D:5)
  An orc priest (D:8)
  A sleepcap (D:4)
  Ijyb (D:3)
  An orc wizard (D:8)
  A scorpion zombie (Ossuary)
  An ogre zombie (Ossuary)
  A worm (D:4)
  An orc (D:8)
  An endoplasm (D:4)
  A gnoll zombie (Ossuary)
  2 jackals (D:3)
  2 ball pythons
  A frilled lizard (D:3)
  An orc zombie (Ossuary)
24 creatures vanquished.

Vanquished Creatures (others)
  A human (D:6)
  90 foxfires
91 creatures vanquished.

Grand Total: 327 creatures vanquished

Notes
Turn   | Place    | Note
-------+----------+-------------------------------------------
     0 | D:1      | thirtiethelement the Demonspawn Cinder Acolyte began the
                  | quest for the Orb.
     0 | D:1      | Reached XP level 1. HP: 18/18 MP: 2/2
     8 | D:1      | Noticed a demonspawn zombie
    11 | D:1      | Noticed a merfolk zombie
    46 | D:1      | Learned a level 1 spell: Apportation
   143 | D:1      | Gained mutation: A weak demonic guardian rushes to your
                  | aid. [demonic ancestry]
   143 | D:1      | Reached XP level 2. HP: 24/24 MP: 3/3
   385 | D:1      | Learned a level 2 spell: Scorch
  1051 | D:2      | Found a faded altar of an unknown god.
  1064 | D:2      | Reached XP level 3. HP: 23/29 MP: 1/4
  1609 | D:3      | Noticed Ijyb
  1643 | D:3      | Killed Ijyb
  1644 | D:3      | Reached skill level 1 in Dodging
  1644 | D:3      | Gained mutation: You regenerate magic rapidly. [demonic
                  | ancestry]
  1644 | D:3      | Reached XP level 4. HP: 21/35 MP: 0/5
  1901 | D:3      | Noticed Robin
  2138 | D:3      | Killed Robin
  2139 | D:3      | Gained mutation: Your touch may inflict minor irresistible
                  | damage on your foes. [demonic ancestry]
  2139 | D:3      | Reached XP level 5. HP: 41/41 MP: 2/8
  2324 | D:3      | Found an opulent altar of Gozag.
  2372 | D:3      | Found a blossoming altar of Fedhas.
  2430 | D:3      | Noticed Jessica
  2434 | D:3      | Killed Jessica
  2672 | D:3      | Noticed a water moccasin
  2683 | D:3      | Killed a water moccasin
  2684 | D:3      | Gained mutation: A demonic guardian rushes to your aid.
                  | [demonic ancestry]
  2684 | D:3      | Reached XP level 6. HP: 39/47 MP: 0/10
  3095 | D:4      | You fall into a shaft and drop 2 floors!
  3149 | D:6      | Noticed a water moccasin
  3155 | D:5      | Entered Level 5 of the Dungeon
  3155 | D:5      | Noticed an ice beast
  3157 | D:5      | Killed an ice beast
  3158 | D:5      | Gained mutation: Your touch may inflict irresistible damage
                  | on your foes. [demonic ancestry]
  3158 | D:5      | Reached XP level 7. HP: 33/53 MP: 11/13
  3173 | D:5      | Reached skill level 5 in Fire Magic
  3204 | D:4      | Found a snail-covered altar of Cheibriados.
  3233 | D:4      | Reached skill level 1 in Short Blades
  3233 | D:4      | Reached skill level 1 in Armour
  3327 | D:4      | Reached skill level 5 in Spellcasting
  3328 | D:4      | Reached XP level 8. HP: 19/60 MP: 13/15
  3381 | D:4      | Found a sand-covered staircase.
  3397 | Ossuary  | Entered an ossuary
  4024 | Ossuary  | Noticed a silent spectre
  4254 | D:4      | Learned a level 3 spell: Volatile Blastmotes
  4702 | D:5      | Found a staircase to the Ecumenical Temple.
  4726 | Temple   | Entered the Ecumenical Temple
  5139 | D:5      | Noticed Pikel
  5148 | D:5      | Gained mutation: When hurt, damage is shared between your
                  | health and your magic reserves. [demonic ancestry]
  5148 | D:5      | Reached XP level 9. HP: 51/65 MP: 15/18
  5168 | D:5      | Killed Pikel
  5262 | D:5      | Found a broken altar of Ashenzari.
  5756 | D:6      | Reached skill level 1 in Stealth
  6091 | D:6      | Found a shimmering blue altar of Sif Muna.
  6257 | D:6      | Learned a level 1 spell: Necrotise
  6512 | D:6      | Found a hazy altar of Hepliaklqana.
  6539 | D:6      | Found an ancient bone altar of Kikubaaqudgha.
  6724 | D:7      | Found an ornate altar of the Wu Jian Council.
  7026 | D:7      | Noticed a two-headed ogre
  7038 | D:7      | Killed a two-headed ogre
  7039 | D:7      | Reached skill level 1 in Shields
  7039 | D:7      | Reached skill level 1 in Necromancy
  7039 | D:7      | Reached XP level 10. HP: 68/72 MP: 21/21
  7066 | D:7      | Paralysed by a hornet for 3 turns
  7577 | D:7      | Found a burning altar of Makhleb.
  7603 | D:8      | Noticed a cyclops
  7606 | D:8      | Noticed Prince Ribbit
  7614 | D:8      | Killed a cyclops
  7615 | D:8      | Reached skill level 1 in Evocations
  7621 | D:8      | Killed Prince Ribbit
  7724 | D:8      | Noticed Jeremiah
  7755 | D:8      | Killed Jeremiah
  7812 | D:8      | Noticed an orange demon
  7815 | D:8      | Noticed Amaemon
  7868 | D:8      | Killed an orange demon
  7898 | D:8      | Killed Amaemon
  7933 | D:8      | Noticed a two-headed ogre
  7955 | D:8      | Killed a two-headed ogre
  7969 | D:8      | Learned a level 3 spell: Dazzling Flash
  8232 | D:8      | Identified a scroll of acquirement
  8233 | D:8      | Acquired the amulet of Ifrizayl {Reflect rElec Int+2 SH+5}
  8400 | D:8      | Gained mutation: A powerful demonic guardian rushes to your
                  | aid. [demonic ancestry]
  8400 | D:8      | Reached XP level 11. HP: 43/75 MP: 16/24
  8414 | D:8      | Noticed a cyan ugly thing
  8420 | D:8      | Killed a cyan ugly thing
  8966 | D:8      | Found an iron altar of Okawaru.
  9076 | D:9      | Noticed a deep elf pyromancer
  9079 | D:9      | Noticed a boulder beetle
  9079 | D:9      | Noticed a centaur warrior
  9083 | D:9      | Noticed Erica
  9085 | D:9      | Killed a deep elf pyromancer
  9091 | D:9      | Noticed a two-headed ogre
  9112 | D:8      | Slain by a boulder beetle

Illustrated notes

Levels and vault maps discovered:
D:1:      shiori_arrival_whats_in_store_for_you, layout_rooms
D:2:      layout_loops_corners, chequers_ecumenical_altar_simple_redux
D:3:      layout_loops_ring, fedhas_altar_fruit_tree,
          nicolae_gozag_seed_capital, elyvilon_altar_3, uniq_robin, uniq_ijyb,
          uniq_jessica
D:4:      minmay_octagon_keep, layout_basic, general_overflow_altar,
          nicolae_ossuary_entry_plus
D:5:      layout_basic, mainiacjoe_overflow_concentric_impassable,
          tso_metal_star, minmay_temple_entry_crystal_x,
          kennysheep_windowed_goal, uniq_pikel
D:6:      layout_cave_pods, tgw_kikubaaqudgha, lemuel_crystal_altar,
          marbit_many_paths, minmay_misc_feat_ornament, grunt_ministairs_14
D:7:      layout_basic, makhleb_grotto_becter,
          mainiacjoe_overflow_surrounded_room
D:8:      layout_basic, hellmonk_okawaru_the_only_friend_you_need,
          minmay_manual_monstrance, uniq_amaemon, uniq_jeremiah,
          uniq_prince_ribbit1
D:9:      minmay_cornered_nines, layout_loops_ring, hangedman_tell_no_tales,
          uniq_erica, uniq_grum
Temple:   hellmonk_temple_forest_ring

Skill      XL: |  1  2  3  4  5  6  7  8  9 10 11 |
---------------+----------------------------------+-----
Long Blades    | 3 4 |  4.0
Fire Magic     | 3 4 5 6 8 9 |  9.3
Dodging        | 1 2 3 4 |  4.6
Spellcasting   | 2 3 4 5 6 7 9 |  9.6
Short Blades   | 1 2 3 |  3.2
Armour         | 1 |  1.8
Stealth        | 2 4 |  4.0
Fighting       | 4 |  4.4
Shields        | 1 |  1.9
Necromancy     | 1 2 3 |  3.0
Evocations     | 1 |  1.6
Throwing       | |  0.1
Translocations | |  0.6

Action                     |  1- 3 |  4- 6 |  7- 9 | 10-12 || total
---------------------------+-------+-------+-------+-------++-------
  Melee: Falchion          |    50 |    38 |       |       ||    88
         Dagger            |       |    36 |   235 |    72 ||   343
         Long sword        |       |       |       |    44 ||    44
  Throw: Boomerang         |       |       |       |     5 ||     5
   Cast: Scorch            |    12 |    55 |   149 |    70 ||   286
         Volatile Blastmot |       |       |     6 |     4 ||    10
         Necrotise         |       |       |    32 |    38 ||    70
 Invoke: Foxfire Swarm     |       |     1 |     4 |     2 ||     7
         Fiery Armour      |       |       |       |     1 ||     1
  Evoke: Wand              |       |       |     8 |     5 ||    13
    Use: Scroll            |       |       |     9 |     5 ||    14
         Potion            |       |       |     2 |       ||     2
   Stab: Paralysed         |       |       |     4 |    10 ||    14
         Sleeping          |       |       |     1 |       ||     1
 Armour: Robe              |    12 |    16 |    19 |    35 ||    82
         Leather armour    |       |     2 |    21 |       ||    23
  Dodge: Dodged            |    43 |    85 |   200 |   145 ||   473
  Block: Buckler           |       |     9 |    37 |    65 ||   111
         Reflection        |       |       |       |     2 ||     2

Table legend: (Time is in decaauts)
 A = Elapsed time spent in this place.
 B = Non-inter-level travel time spent in this place.
 C = Inter-level travel time spent in this place.
 D = Time resting spent in this place.
 E = Time spent auto-exploring this place.
 F = Levels seen in this place.
 G = Mean time per level.
                   A        B        C        D        E       F      G
               +--------+--------+--------+--------+--------+-----+--------+
         Total |   9097 |   8815 |    282 |    822 |   5697 |  11 |  827.0 |
       Dungeon |   8435 |   8153 |    282 |    421 |   5697 |   9 |  937.2 |
        Temple |      1 |      1 |      0 |      0 |      0 |   1 |    1.0 |
       Ossuary |    659 |    659 |      0 |    401 |      0 |   1 |  659.0 |
               +--------+--------+--------+--------+--------+-----+--------+

Top non-repeatable levels by time:
     D:8: 1464 daAuts
     D:2: 1290 daAuts
     D:5: 1137 daAuts
     D:6: 1008 daAuts
     D:4: 998 daAuts
     D:3: 972 daAuts
     D:7: 907 daAuts
 Ossuary: 659 daAuts
     D:1: 613 daAuts
     D:9: 44 daAuts
  Temple: 1 daAuts
